 Dungeon Crawl Stone Soup version 0.22-a0-352-gc608dd7fdd (webtiles) character file.

210 Flugkiller the Poker (level 5, -1/36 HPs)
             Began as a Merfolk Skald on Apr 14, 2018.
             Was an Initiate of Hepliaklqana.
             Succumbed to a worker ant's poison
             ... on level 4 of the Dungeon.
             The game lasted 00:09:30 (3733 turns).

Flugkiller the Poker (Merfolk Skald)                Turns: 3733, Time: 00:09:31

Health: -1/36      AC:  4    Str: 13    XL:     5   Next: 87%
Magic:  6/8        EV: 19    Int: 12    God:    Hepliaklqana [......]
Gold:   198        SH:  0    Dex: 18    Spells: 2/8 levels left

rFire    . . .     SeeInvis .   w - +0 trident
rCold    . . .     Gourm    .   (no shield)
rNeg     . . .     Faith    .   b - +0 leather armour
rPois    .         Spirit   .   (no helmet)
rElec    .         Reflect  .   (no cloak)
rCorr    .         Harm     .   f - +0 pair of gloves
MR       .....                  (no boots)
Stlth    ++........             (no amulet)
HPRegen  0.12/turn              (no ring)
MPRegen  0.11/turn              (no ring)

@: agile, lethally poisoned (-1 -> -30)
A: change form in water, swift swim, stealthy swim, reduced essence
a: Recall Ancestor, Ancestor Identity, Renounce Religion


You were on level 4 of the Dungeon.
You worshipped Hepliaklqana.
Hepliaklqana was noncommittal.
You were not hungry.

You visited 1 branch of the dungeon, and saw 4 of its levels.

You collected 198 gold pieces.

Inventory:

Hand Weapons
 e - a +2 spear of piercing
 w - a +0 trident (weapon)
Missiles
 c - 132 stones (quivered)
Armour
 b - a +0 leather armour (worn)
 f - a +0 pair of gloves (worn)
 q - a +0 ring mail
Jewellery
 h - an uncursed amulet of harm {unknown}
 u - an uncursed ring of stealth {unknown}
Scrolls
 a - a scroll of teleportation {unknown}
 i - a scroll of blinking {unknown}
 l - a scroll of noise {unknown}
 n - 4 scrolls of magic mapping
 o - a scroll of enchant armour {unknown}
 s - 2 scrolls of identify {unknown}
Potions
 g - a potion of brilliance {unknown}
 j - a potion of agility
 k - a potion of lignification {unknown}
 m - 2 potions of magic {unknown}
 p - 2 potions of cancellation {unknown}
 r - a potion of mutation {unknown}
 t - 2 potions of haste {unknown}
 v - a potion of curing {unknown}
Comestibles
 d - 5 rations


   Skills:
 + Level 3.6 Fighting
 * Level 6.4 Polearms
 - Level 0.6 Armour
 + Level 4.5 Dodging
 - Level 2.0 Spellcasting
 - Level 3.2 Charms


You had 2 spell levels left.
You knew the following spells:

 Your Spells              Type           Power        Failure   Level  Hunger
a - Infusion              Chrm           #...         9%          1    ##.....
b - Shroud of Golubria    Chrm/Tloc      #.........   26%         2    ###....
d - Spectral Weapon       Hex/Chrm       #.......     47%         3    ####...


Dungeon Overview and Level Annotations

Branches:
Dungeon (4/15)
 Temple: D:4-7

Altars:
Cheibriados
Elyvilon
Hepliaklqana


Message History

* * * LOW HITPOINT WARNING * * *
You are more poisoned.
The worker ant poisons you!
You closely miss the worker ant.
The worker ant is almost dead.
* * * LOW HITPOINT WARNING * * *
You feel sick. The worker ant misses you.
You hit the worker ant.
You kill the worker ant!
* * * LOW HITPOINT WARNING * * *
You feel very sick.
As you read the scroll labeled EKIODY CELY IMEEGH, it crumbles to dust.
You feel aware of your surroundings.
It was a scroll of magic mapping.
* * * LOW HITPOINT WARNING * * *
You feel sick.
Okay, then.
It was a potion of agility.
You feel agile all of a sudden.
You are no longer magically infusing your attacks.
You die...

***,**,* **,*,,,,,,,,,,,,* *,
,,,,**,****,*,#.****,****** *,
***,**,,,,,***..# *,,** *, *
*,***#..#,*,#.#****,,** *, *,*
#..#*,*#..,,,,,,,* *,
#.**##..##,*#.#**+***,********,
#..,,....,,*#.# *,# *,,,,,,,,,,
#.#**#..#***#.###.###..*******,
* #.# #..# #.@.._###.(* ** *
#.# #..# #.###.###..* *
#.####..# #.# *,# *,,*
#.......#####.###+###,,*
#....................,** ***
##.#####.##.#....#####** *,,
##...#* #.##.###### *,*
#.###.###.##.# *,*
.##*##.##.##.# *,*


There were no monsters in sight!

Vanquished Creatures
  2 worker ants
  2 gnolls (D:2)
  2 worms (D:2)
  2 dart slugs (D:1)
  2 leopard geckos
  3 orcs (D:3)
  5 giant cockroaches
  8 goblins
  5 hobgoblins
  A jackal (D:3)
  A quokka (D:3)
  2 ball pythons
  10 bats
  A frilled lizard (D:3)
  4 kobolds
  4 rats
54 creatures vanquished.

Vanquished Creatures (collateral kills)
  Jessica (D:2)
  A gnoll (D:2)
  An adder (D:3)
  2 worms (D:3)
  2 leopard geckos (D:3)
  2 orcs (D:3)
  2 giant cockroaches
  A hobgoblin (D:3)
  4 jackals (D:3)
  3 kobolds
  2 rats
21 creatures vanquished.

Vanquished Creatures (others)
  An ancestor (D:4)
1 creature vanquished.

Grand Total: 76 creatures vanquished

Notes
Turn   | Place    | Note
-------+----------+-------------------------------------------
     0 | D:1      | Flugkiller the Merfolk Skald began the quest for the Orb.
     0 | D:1      | Reached XP level 1. HP: 16/16 MP: 3/3
   269 | D:1      | Reached XP level 2. HP: 17/23 MP: 1/5
   765 | D:1      | Reached skill level 4 in Polearms
   951 | D:2      | Reached XP level 3. HP: 11/28 MP: 3/6
  1140 | D:1      | Learned a level 2 spell: Shroud of Golubria
  1188 | D:2      | Learned a level 3 spell: Spectral Weapon
  1376 | D:2      | Reached XP level 4. HP: 28/34 MP: 7/7
  1407 | D:2      | Reached skill level 5 in Polearms
  1933 | D:2      | Found a hazy altar of Hepliaklqana.
  1952 | D:2      | Became a worshipper of Hepliaklqana the Forgotten
  1997 | D:2      | Noticed Jessica
  2011 | D:2      | Killed Jessica
  2011 | D:2      | Reached XP level 5. HP: 32/36 MP: 4/8
  2596 | D:3      | Found a snail-covered altar of Cheibriados.
  2864 | D:3      | Reached skill level 6 in Polearms
  3703 | D:4      | Found a white marble altar of Elyvilon.
  3733 | D:4      | Succumbed to a worker ant's poison

Vault maps used:
D:1:      minmay_arrival_checkered_box, minmay_misc_feat_room,
          minmay_misc_feat_pillars, minmay_pentomino_w4
D:2:      old_standard_altar, uniq_jessica
D:3:      nicolae_overflow_crystal_walls, first_ration,
          kennysheep_generic_room_14
D:4:      lemuel_doored_altar

Skill      XL: |  1  2  3  4  5 |
---------------+----------------+-----
Dodging        | 3 4 |  4.5
Polearms       | 4 5 6 |  6.4
Fighting       | 3 |  3.6
Armour         | |  0.6
Spellcasting   | |  2.0
Charms         | |  3.2

Action                   |  1- 3 |  4- 6 || total
-------------------------+-------+-------++-------
Melee: Spear             |    91 |   129 ||   220
       Trident           |       |    49 ||    49
Throw: Stone             |     3 |     2 ||     5
 Cast: Infusion          |     3 |     2 ||     5
Invok: Ancestor Identity |       |     1 ||     1
  Use: Scroll            |       |     1 ||     1
       Potion            |       |     1 ||     1
 Stab: Sleeping          |     1 |       ||     1
  Eat: Chunk             |     1 |     8 ||     9
Armor: Leather armour    |    11 |    18 ||    29
Dodge: Dodged            |    29 |    61 ||    90

Table legend:
 A = Spawn XP
 B = Non-spawn XP
 C = Spawn XP percentage of total XP
 D = Spawn monster count
 E = Non-spawn monster count
 F = Spawn count percentage of total count
 G = Total turns spent on level
                    A         B        C        D         E        F      G
               +---------+---------+-------+---------+---------+-------+---------
         Total |       0 |     300 |   0.0 |       0 |      75 |   0.0 |  3733
               +---------+---------+-------+---------+---------+-------+---------
           D:1 |       0 |      28 |   0.0 |       0 |      16 |   0.0 |  1064
           D:2 |       0 |     158 |   0.0 |       0 |      27 |   0.0 |  1555
           D:3 |       0 |      82 |   0.0 |       0 |      31 |   0.0 |  1039
           D:4 |       0 |      32 |   0.0 |       0 |       1 |   0.0 |    75
               +---------+---------+-------+---------+---------+-------+---------
